 Dungeon Crawl Stone Soup version 0.30-a0-779-g7971cf19c3 (webtiles) character file.

Game seed: 7309861710931731708

31 Dittersdorf the Shield-Bearer (level 3, -3/24 HPs)
             Began as a Gargoyle Fighter on Feb 17, 2023.
             Slain by Terence
             ... wielding a +2 flail of protection
              (6 damage)
             ... on level 2 of the Dungeon.
             The game lasted 00:01:27 (880 turns).

Dittersdorf the Shield-Bearer (Gargoyle Fighter)     Turns: 880, Time: 00:01:28

Health: -3/24      AC: 12    Str: 21    XL:     3   Next: 22%
Magic:  3/3        EV:  7    Int:  8    God:
Gold:   35         SH:  4    Dex:  9    Spells: 2/2 levels left

rFire   . . .      SeeInvis .    a - +0 flail
rCold   . . .      Faith    .    c - +0 buckler
rNeg    + . .      Spirit   .    h - +0 chain mail
rPois   ∞          Reflect  .    (no helmet)
rElec   +          Harm     .    (no cloak)
rCorr   .          Rampage  .    (no gloves)
Will    .....                    (no boots) Stlth
                                 (no amulet)
HPRegen 0.24/turn                (no ring)
MPRegen 0.08/turn                (no ring)

@: no status effects
A: sickness immunity, AC +3, negative energy resistance 1, electricity
resistance, torment resistance 1, petrification resistance
a: no special abilities


You were on level 2 of the Dungeon.
You visited 1 branch of the dungeon, and saw 2 of its levels.

You collected 35 gold pieces.

Inventory:

Hand Weapons
 a - a +0 flail (weapon)
Armour
 c - a +0 buckler (worn)
 h - a +0 chain mail (worn)
Scrolls
 b - a scroll of identify {unknown}
 j - a scroll of acquirement {unknown}
 k - a scroll of butterflies {unknown}
 m - a scroll of silence {unknown}
Potions
 d - a potion of might
 e - a potion of resistance {unknown}
 f - a potion of attraction {unknown}
 g - a potion of lignification {unknown}
 i - a potion of flight {unknown}
 l - a potion of brilliance {unknown}


   Skills:
 + Level 3.6 Fighting
 + Level 2.4 Maces & Flails
 + Level 3.6 Armour
 + Level 3.7 Shields


You had 2 spell levels left.
You didn't know any spells.
Your spell library contained the following spells:

 Spells                   Type           Power      Damage    Failure   Level
 Foxfire                  Conj/Fire      0%         2x1d4     99%         1
 Fireball                 Conj/Fire      0%         3d3       100%        5
 Starburst                Conj/Fire      0%         6d3       100%        6


Dungeon Overview and Level Annotations

Branches:
Dungeon (2/15)

Altars:

Annotations:
D:2 Terence


Innate Abilities, Weirdness & Mutations

You are immune to sickness and miasma.
Your stone body is resilient. (AC +3)
You are immune to poison.
You resist negative energy. (rN+)
You are resistant to electric shocks. (rElec)
You are resistant to unholy torment.
You are immune to petrification.


Message History

Terence hits you with a +2 flail of protection.
The kobold closely misses you.
You hit Terence but do no damage.
Terence is lightly wounded.
The kobold barely misses you. Terence barely misses you.
You thump Terence!
Terence is heavily wounded.
The kobold hits you but does no damage.
Terence hits you with a +2 flail of protection!
* * * LOW HITPOINT WARNING * * *
You are too injured to fight recklessly!
You are too injured to fight recklessly!
You are too injured to fight recklessly!
You are too injured to fight recklessly!
You are too injured to fight recklessly!
You are too injured to fight recklessly!
You are too injured to fight recklessly!
You are too injured to fight recklessly!
You are too injured to fight recklessly!
You are too injured to fight recklessly!
You are too injured to fight recklessly!
You are too injured to fight recklessly!
You are too injured to fight recklessly!
You are too injured to fight recklessly!
You are too injured to fight recklessly!
You hit Terence but do no damage.
Terence is moderately wounded.
You block Terence's attack. The kobold closely misses you.
Terence hits you but does no damage.
The kobold hits you with a +0 short sword.
* * * LOW HITPOINT WARNING * * *
You barely miss Terence.
Terence is moderately wounded.
Terence hits you with a +2 flail of protection.
* * * LOW HITPOINT WARNING * * *
The kobold hits you but does no damage.
You closely miss Terence.
Terence is moderately wounded.
Terence hits you with a +2 flail of protection.
You die...

......##...#..#
♣........8..♣...
.....!...........
..................
∩.._.....∩.........
.........?........#
#.............@...........##
#.......∩..♣..8@K∩..♣......=
#...........................
#...........................
#.......8..8..∩..8..8.......
#.......(............#.....
#....................##....
#.......∩..8..8..∩..........
##..<.........##....####.....
#............# ##...# ....


You could see Terence and a kobold.

Vanquished Creatures
  2 worms (D:2)
  2 ball pythons
  3 endoplasms
  A giant cockroach (D:1)
  3 jackals (D:1)
  2 bats
  2 frilled lizards
  5 goblins
  4 rats
24 creatures vanquished.

Notes
Turn   | Place    | Note
-------+----------+-------------------------------------------
     0 | D:1      | Dittersdorf the Gargoyle Fighter began the quest for the
                  | Orb.
     0 | D:1      | Reached XP level 1. HP: 14/14 MP: 1/1
   216 | D:1      | Reached XP level 2. HP: 16/19 MP: 2/2
   813 | D:2      | Reached XP level 3. HP: 23/23 MP: 3/3
   868 | D:2      | Found a faded altar of an unknown god.
   868 | D:2      | Noticed Terence
   880 | D:2      | Slain by Terence

Illustrated notes

Levels and vault maps discovered:
D:1:      minmay_arrival_four_loops, layout_basic
D:2:      layout_rooms, serial_shops, nicolae_lakefront_shop,
          hellmonk_ecumenical_altar_arch_garden, nicolae_wormholes,
          uniq_terence, uniq_crazy_yiuf_cottage

Action                     || total
---------------------------++-------
  Melee: Flail             ||    97
 Armour: Scale mail        ||    33
         Chain mail        ||    45
  Dodge: Dodged            ||    57
  Block: Buckler           ||    31

Table legend: (Time is in decaauts)
 A = Elapsed time spent in this place.
 B = Non-inter-level travel time spent in this place.
 C = Inter-level travel time spent in this place.
 D = Time resting spent in this place.
 E = Time spent auto-exploring this place.
 F = Levels seen in this place.
 G = Mean time per level.
                   A        B        C        D        E       F      G
               +--------+--------+--------+--------+--------+-----+--------+
         Total |    911 |    837 |     74 |      0 |    605 |   2 |  455.5 |
       Dungeon |    911 |    837 |     74 |      0 |    605 |   2 |  455.5 |
               +--------+--------+--------+--------+--------+-----+--------+

Top non-repeatable levels by time:
     D:1: 757 daAuts
     D:2: 154 daAuts
